 Dungeon Crawl Stone Soup version 0.19-a0-1899-g2d93087 (webtiles) character file.

2207 dobroeutro the Quickloader (level 9, -4/57 HPs)
             Began as a Kobold Hunter on Oct 19, 2016.
             Was a Priest of Okawaru.
             Slain by an orc priest
             ... wielding a +4 flail
              (10 damage)
             ... on level 7 of the Dungeon.
             The game lasted 00:12:14 (6363 turns).

dobroeutro the Quickloader (Kobold Hunter)          Turns: 6363, Time: 00:12:15

Health: -4/57      AC: 12    Str: 11    XL:     9   Next: 60%
Magic:  9/9        EV: 16    Int: 12    God:    Okawaru [***...]
Gold:   272        SH:  0    Dex: 19    Spells: 0 memorised, 8 levels left

rFire  + + .     SeeInvis .     k - +6 club
rCold  . . .     Gourm    .     v - +3 ring mail
rNeg   + . .     Faith    .     (shield restricted)
rPois  .         Spirit   .     D - +1 helmet of Darkness {rF+ Dex+2}
rElec  .         Reflect  .     s - +0 cloak
rCorr  .         Harm     .     (no gloves)
MR     .....                    r - +0 pair of boots
Stlth  +.........               (no amulet)
                                y - ring of positive energy
                                A - ring of protection from fire

@: about to teleport
A: carnivore 3
a: Heroism, Renounce Religion


You were on level 7 of the Dungeon.
You worshipped Okawaru.
Okawaru was most pleased with you.
You were completely stuffed.

You visited 1 branch of the dungeon, and saw 8 of its levels.

You collected 272 gold pieces.

Inventory:

Hand Weapons
 a - a +1 hand crossbow
 b - a +0 short sword
 k - a +6 club (weapon)
Missiles
 d - 50 bolts
Armour
 r - a +0 pair of boots (worn)
 s - a +0 cloak (worn)
 v - a +3 ring mail (worn)
 D - the +1 helmet of Darkness (worn) {rF+ Dex+2}
   (You found it on level 4 of the Dungeon)

   It affects your dexterity (+2).
   It protects you from fire.
Jewellery
 h - an uncursed ring of wizardry
 y - a ring of positive energy (right hand)
 A - a ring of protection from fire (left hand)
Scrolls
 e - 4 scrolls of identify
 g - 3 scrolls of random uselessness
 o - a scroll of magic mapping
 p - a scroll of teleportation
 u - a scroll of enchant armour {unknown}
 z - a scroll of immolation {unknown}
 B - a scroll of fear {unknown}
Potions
 i - a potion of brilliance
 j - 3 potions of cancellation {unknown}
 l - a potion of degeneration {unknown}
 m - 2 potions of magic {unknown}
 n - 4 potions of curing {unknown}
 t - 3 potions of ambrosia {unknown}
 w - 2 potions of heal wounds {unknown}
 x - a potion of agility {unknown}
Comestibles
 c - 2 chunks of flesh
 f - 5 meat rations


   Skills:
 + Level 7.5 Fighting
 + Level 8.7 Short Blades
 + Level 9.3 Crossbows
 - Level 5.0 Dodging
 - Level 1.3 Stealth


You had 8 spell levels left.
You didn't know any spells.

Dungeon Overview and Level Annotations

Branches:
Dungeon (8/15)
 Temple: D:4-7         Lair: D:8-11

Altars:
Elyvilon
Nemelex Xobeh
Okawaru
Yredelemnul

Annotations:
D:4 Dowan; Duvessa; dobroeutro's ghost, amateur KoHu
D:7 Joseph


Innate Abilities, Weirdness & Mutations

You are small and have problems with some larger weapons.
You are carnivorous and can eat meat at any time.


Message History

The orc misses you. The orc priest closely misses you. The orc misses you. x2
You climb upwards.
Level annotation: Joseph The sky beast closely misses you.
The slave hits you.
There is a stone staircase leading down, spattered with blood here.
You hit the orc but do no damage.
The sky beast flickers out of sight!
Deactivating autopickup; reactivate with Ctrl-A.
Something hits you. Something shocks you. The slave hits you.
The orc hits you but does no damage.
The orc priest hits you with an enchanted flail!
* * * LOW HITPOINT WARNING * * *
The orc completely misses you. Something hits you.
* * * LOW HITPOINT WARNING * * *
Something shocks you.
* * * LOW HITPOINT WARNING * * *
As you read the scroll of teleportation, it crumbles to dust.
You feel strangely unstable. The slave barely misses you.
The orc barely misses you. The orc closely misses you.
The orc priest hits you with an enchanted flail!
You die...

#.# ##########.##.#
##.###########...........#.#
#...............#.....#..#.#
#%...############.###.#..#.#
##....# ..........#.#..#.#
#....# #######.#.#.#..#.#
##...# .. #.#.#.#..#.# #
#...# #.##o#.#.#..#.####.#
#...# #oo@p.............Y.
#...# #...#o{#.#.#..#.####.#
#...# ### #.##.#.####.# #
#..<# ......#......# #..##
############### #... ##..
####


You could see a slave, an orc priest and 3 orcs.

Vanquished Creatures
  The ghost of dobroeutro the Bolt Thrower, an amateur KoHu (D:3)
  A slave (D:6)
  3 ice beasts
  2 orc warriors (D:6)
  2 phantoms
  4 ogres
  A centaur (D:5)
  3 bullfrogs
  A water moccasin zombie (D:5)
  A wyvern skeleton (D:6)
  2 crimson imps
  A bullfrog zombie (D:6)
  2 hounds
  A centaur zombie (D:7)
  An orc priest (D:6)
  A jelly (D:5)
  3 orc wizards
  3 iguanas
  6 worker ants
  A killer bee zombie (D:5)
  A gnoll (D:5)
  6 adders
  3 shadow imps
  3 oozes
  2 worms
  A dart slug (D:2)
  2 leopard geckos
  13 orcs
  2 ball pythons (D:3)
  4 bats
  A giant cockroach (D:3)
  6 goblins
  3 hobgoblins
  4 jackals (D:3)
  2 kobolds
  2 quokkas
  6 frilled lizards
  A quokka zombie (D:5)
  3 rats
105 creatures vanquished.

Vanquished Creatures (others)
  Jessica (D:2)
  A quokka (D:2)
2 creatures vanquished.

Grand Total: 107 creatures vanquished

Notes
Turn   | Place    | Note
-------+----------+-------------------------------------------
     0 | D:1      | dobroeutro the Kobold Hunter began the quest for the Orb.
     0 | D:1      | Reached XP level 1. HP: 12/12 MP: 1/1
   336 | D:1      | Reached skill level 1 in Short Blades
   336 | D:1      | Reached XP level 2. HP: 15/18 MP: 2/2
   680 | D:2      | Killed Jessica
   689 | D:2      | Reached skill level 5 in Crossbows
   765 | D:2      | Found a white marble altar of Elyvilon.
  1063 | D:2      | Reached XP level 3. HP: 17/22 MP: 3/3
  1388 | D:3      | Noticed dobroeutro's ghost (amateur KoHu)
  2036 | D:3      | Found an iron altar of Okawaru.
  2042 | D:3      | Became a worshipper of Warmaster Okawaru
  2134 | D:3      | Reached XP level 4. HP: 24/27 MP: 4/4
  2136 | D:3      | Found a basalt altar of Yredelemnul.
  2426 | D:3      | Killed dobroeutro's ghost
  2426 | D:3      | Reached * piety under Okawaru
  2426 | D:3      | Reached XP level 5. HP: 19/32 MP: 5/5
  2467 | D:3      | Reached skill level 6 in Crossbows
  2657 | D:2      | Reached XP level 6. HP: 35/37 MP: 6/6
  2776 | D:4      | Noticed an ogre
  2784 | D:4      | Killed an ogre
  2785 | D:4      | Noticed dobroeutro's ghost (amateur KoHu)
  2960 | D:4      | Noticed Duvessa
  3031 | D:4      | Noticed Dowan
  3092 | D:4      | Got a transparent helmet
  3140 | D:3      | Identified the +1 helmet of Darkness {rF+ Dex+2} (You found it on level 4 of the Dungeon)
  3547 | D:5      | Entered Level 5 of the Dungeon
  3610 | D:5      | Reached XP level 7. HP: 42/43 MP: 7/7
  3824 | D:5      | Reached skill level 5 in Dodging
  4091 | D:5      | Reached ** piety under Okawaru
  4091 | D:5      | Reached skill level 7 in Crossbows
  4097 | D:5      | Reached skill level 5 in Short Blades
  4287 | D:5      | Found a sparkling altar of Nemelex Xobeh.
  4293 | D:5      | Reached skill level 5 in Fighting
  4293 | D:5      | Reached XP level 8. HP: 48/49 MP: 8/8
  4974 | D:6      | Reached skill level 8 in Crossbows
  5137 | D:6      | Reached *** piety under Okawaru
  5210 | D:6      | Reached XP level 9. HP: 30/56 MP: 9/9
  5457 | D:6      | Reached skill level 9 in Crossbows
  5827 | D:7      | Noticed Joseph
  6363 | D:7      | Slain by an orc priest

Vault maps used:
D:1:      ncdulo_halloftheorcs
D:2:      elyvilon_altar_4, kennysheep_generic_room_13, uniq_jessica
D:3:      yredelemnul_altar_generic, okawaru_trees_1, minmay_misc_feat_cross
D:4:      lemuel_doored_altar, grunt_ministairs_4, uniq_duvessa, uniq_grinder
D:5:      first_bread, kennysheep_pointless_box, nemelex_dance_club_becter
D:6:      minmay_misc_feat_columns
D:7:      led_sif_book, serial_shops, nicolae_shop_trees,
          nicolae_dithmenos_shadow_blocks, uniq_joseph, uniq_crazy_yiuf_cottage,
          uniq_pikel
D:8:      lemuel_round_altar, hangedman_little_slice_of_home, uniq_erica,
          uniq_prince_ribbit1

Skill      XL: |  1  2  3  4  5  6  7  8  9 |
---------------+----------------------------+-----
Short Blades   | 1 2 3 5 7 8 |  8.7
Crossbows      | 5 6 7 8 9 |  9.3
Dodging        | 3 4 5 |  5.0
Fighting       | 3 4 5 6 7 |  7.5
Stealth        | |  1.3

Action                   |  1- 3 |  4- 6 |  7- 9 || total
-------------------------+-------+-------+-------++-------
Melee: Short sword       |    40 |       |       ||    40
       Club              |    73 |    94 |   354 ||   521
 Fire: Hand crossbow     |       |    10 |    41 ||    51
  Use: Scroll            |       |     7 |     1 ||     8
 Stab: Sleeping          |       |       |     1 ||     1
  Eat: Chunk             |     5 |     9 |    13 ||    27
Armor: Leather armour    |     6 |       |       ||     6
       Ring mail         |    33 |    40 |   150 ||   223
Dodge: Dodged            |   106 |    71 |   347 ||   524
